 Seeded DCSS version 0.27.1-33-g824d729ab1 (webtiles) character file.

Game seed: 17853175367328873602 (custom seed)

11733 voltaire321 the Spear-Bearer (level 11, -7/96 HPs)
             Began as a Merfolk Gladiator on Dec 8, 2021.
             Was an Elder of Makhleb.
             Mangled by an orc warrior (29 damage)
             ... in a bailey.
             The game lasted 00:41:08 (8880 turns).

voltaire321 the Spear-Bearer (Merfolk Gladiator)    Turns: 8880, Time: 00:41:09

Health: -7/96      AC: 11    Str: 21    XL:     11   Next: 82%
Magic:  27/27      EV: 17    Int:  9    God:    Makhleb [****..]
Gold:   667        SH:  0    Dex: 17    Spells: 10/14 levels left

rFire    + . .     SeeInvis .   a - +1 trident (venom)
rCold    . . .     Faith    .   (no shield)
rNeg     . . .     Spirit   .   i - +3 ring mail of Esosih {Regen+ Slay+5}
rPois    +         Reflect  .   c - +0 helmet
rElec    .         Harm     .   (no cloak)
rCorr    .         Rampage  .   b - +0 pair of gloves {archery}
Will     .....                  (no boots)
Stlth    +.........             x - amulet of the acrobat
HPRegen  1.26/turn              t - +6 ring of strength
MPRegen  0.20/turn              j - ring "Zofryec" {rPois rF+ MP+9}

@: studying 2 skills
A: (nimble swimmer 2), mertail
a: Renounce Religion, Minor Destruction, Lesser Servant of Makhleb, Major
Destruction


You were in a bailey.
You worshipped Makhleb.
Makhleb was greatly pleased with you.
You visited 2 branches of the dungeon, and saw 11 of its levels.
You also visited: Bailey.

You collected 1559 gold pieces.
You spent 892 gold pieces at shops.

Inventory:

Hand Weapons
 a - a +1 trident of venom (weapon)
 F - a +5 halberd
Missiles
 d - 2 throwing nets
 r - 11 poisoned darts (quivered)
Armour
 b - a +0 pair of gloves of archery (worn)
 c - a +0 helmet (worn)
 i - the +3 ring mail of Esosih (worn) {Regen+ Slay+5}
   (You bought it in a shop on level 1 of the Dungeon)

   Slay:      It affects your accuracy & damage with ranged weapons and melee
   (+5).
   Regen:     It increases your rate of health regeneration.
Jewellery
 j - the ring "Zofryec" (right hand) {rPois rF+ MP+9}
   (You bought it in a shop on level 1 of the Dungeon)

   [ring of poison resistance]

   rF:        It protects you from fire.
   rPois:     It protects you from poison.
   MP:        It affects your magic capacity (+9).
 t - a +6 ring of strength (left hand)
 u - a ring of fire
 x - an amulet of the acrobat (around neck)
Wands
 s - a wand of digging (15)
 D - a wand of mindburst (15)
Scrolls
 h - 2 scrolls of magic mapping
 l - a scroll of holy word
 q - a scroll of teleportation
 y - a scroll of acquirement
 B - 2 scrolls of enchant weapon
 C - a scroll of blinking
 E - a scroll of fear
Potions
 e - 4 potions of lignification
 f - 2 potions of flight {unknown}
 g - 4 potions of curing
 k - 3 potions of ambrosia {unknown}
 m - 3 potions of haste {unknown}
 n - 2 potions of brilliance {unknown}
 o - 2 potions of berserk rage {unknown}
 p - 2 potions of heal wounds {unknown}
 v - a potion of cancellation
 w - 3 potions of mutation {unknown}
 z - 2 potions of might {unknown}
 A - a potion of magic {unknown}


   Skills:
 + Level 12.5 Fighting
 + Level 12.8 Polearms
 - Level 6.0 Throwing
 + Level 4.3 Armour
 + Level 11.8 Dodging
 + Level 2.0 Spellcasting
 + Level 2.7 Poison Magic
 + Level 9.8 Invocations


You had 10 spell levels left.
You knew the following spells:

 Your Spells              Type           Power      Damage    Failure   Level
a - Olgreb's Toxic Radia  Pois           5%         N/A       86%         4

Your spell library contained the following spells:

 Spells                   Type           Power      Damage    Failure   Level
 Sting                    Tmut/Pois      12%        1d3       30%         1
 Poisonous Vapours        Pois/Air       6%         N/A       41%         2
 Blink                    Tloc           N/A        N/A       61%         2
 Call Canine Familiar     Summ           0%         N/A       83%         3
 Gell's Gravitas          Tloc           0%         N/A       83%         3
 Lesser Beckoning         Tloc           0%         N/A       83%         3
 Ozocubu's Armour         Ice            0%         N/A       83%         3
 Portal Projectile        Hex/Tloc       0%         N/A       83%         3
 Teleport Other           Tloc           0%         N/A       83%         3
 Leda's Liquefaction      Hex/Erth       0%         N/A       99%         4
 Alistair's Intoxication  Tmut/Pois      2%         N/A       100%        5
 Borgnjor's Vile Clutch   Necr/Erth      0%         N/A       100%        5
 Manifold Assault         Tloc           0%         N/A       100%        5
 Eringya's Noxious Bog    Tmut/Pois      1%         N/A       100%        6
 Ozocubu's Refrigeration  Ice            0%         4d5       100%        7


Dungeon Overview and Level Annotations

Branches:
Dungeon (10/15)            Temple (1/1) D:5             Orc (0/2) D:9
 Bailey (1/1)
   Lair: D:8-11

Altars:
Ashenzari
Cheibriados
Dithmenos
Elyvilon
Fedhas
Gozag
Hepliaklqana
Kikubaaqudgha
Makhleb
Nemelex Xobeh
Okawaru
Qazlal
Ru
Sif Muna
Trog
Uskayaw
Vehumet
Wu Jian
Xom
Yredelemnul
Zin
The Shining One

Shops:
D:1 (=[[   D:3 [

Portals:
Abyss: D:5

Annotations:
D:3 1 runed translucent door, SensoryNuts's ghost, amateur MiMo
D:6 exclusion: oklob plant


Innate Abilities, Weirdness & Mutations

((You are quick and stealthy near water. (Stealth+, EV+, Speed+++)))
Your lower body shifts to a powerful aquatic tail in water.


Message History

You reach to attack!
You puncture the orc knight!
You kill the orc knight!
Makhleb accepts your kill.
You can now hurl Makhleb's greater destruction.
You feel better. The orc misses you.
The orc warrior hits you from afar with a +0 glaive!
Your Spellcasting skill increases to level 2!
Reach: a) +1 trident (venom)
Press: ? - help, Dir - move target, f - orc
Aim: an orc, wielding a +0 trident and wearing a +0 chain mail (strong, about 21% to evade your +1 trident of venom)
You reach to attack!
You hit the orc.
The orc is poisoned.
The orc is heavily wounded.
Reach: a) +1 trident (venom)
Press: ? - help, Dir - move target, f/p - orc
Aim: an orc, wielding a +0 trident and wearing a +0 chain mail (heavily wounded, strong, very poisoned, about 21% to evade your +1 trident of venom)
You reach to attack!
You puncture the orc!
You kill the orc!
Makhleb accepts your kill.
You feel better. The orc warrior closely misses you.
Reach: a) +1 trident (venom)
Press: ? - help, Dir - move target, f - orc warrior
Aim: an orc warrior, wielding a +0 glaive and wearing a +0 scale mail (strong, about 30% to evade your +1 trident of venom)
You reach to attack!
You hit the orc warrior.
The orc warrior is poisoned.
The orc warrior is moderately wounded.
The orc warrior hits you from afar with a +0 glaive!!
* * * LOW HITPOINT WARNING * * *
Reach: a) +1 trident (venom)
Press: ? - help, Dir - move target, f/p - orc warrior
Aim: an orc warrior, wielding a +0 glaive and wearing a +0 scale mail (moderately wounded, strong, very poisoned, about 30% to evade your +1 trident of venom)
You reach to attack!
You hit the orc warrior.
The orc warrior looks as sick as possible!
The orc warrior is moderately wounded.
The orc warrior completely misses you.
Reach: a) +1 trident (venom)
Press: ? - help, Dir - move target, f/p - orc warrior
Aim: an orc warrior, wielding a +0 glaive and wearing a +0 scale mail (heavily wounded, strong, extremely poisoned, about 30% to evade your +1 trident of venom)
You reach to attack!
You puncture the orc warrior!
The orc warrior is almost dead.
The orc warrior hits you from afar with a +0 glaive!!
You die...

### #####
##∩#########
.....##...##..(..##
.≈≈≈..#...#..≈≈≈..#
≈≈o≈≈......(≈≈.≈≈.#
≈.oo≈......)≈)∩.≈.+
≈≈o≈≈.......≈≈o≈≈.#
≈..#).)#..≈≈≈..#
#.∩.##@....##
##∩######### ###


You could see an orc warrior (strong, extremely poisoned).

Vanquished Creatures
  2 two-headed ogres
  Pikel (D:6)
  An orc knight (Bailey)
  A gargoyle (D:7)
  Maggie (D:7)
  A hornet (D:9)
  23 yaks
  A wyvern (D:9)
  2 steam dragons
  Menkaure (D:7)
  4 water moccasins
  Duvessa (D:7)
  2 ice beasts
  4 sky beasts
  3 ogres
  7 orc warriors
  The ghost of SensoryNuts the Slasher, an amateur DrGl (D:5)
  4 centaurs
  A lemure (D:5)
  3 bullfrogs (D:9)
  2 gnoll sergeants
  Dowan (D:7)
  3 scorpions
  A wyvern skeleton (D:6)
  A water moccasin skeleton (D:4)
  A killer bee (D:9)
  8 wights (D:8)
  A crimson imp (D:4)
  A howler monkey (D:7)
  A bullfrog zombie (D:7)
  5 centaur zombies
  A hound (D:5)
  5 orc priests
  6 jellies (D:6)
  A bullfrog skeleton (D:6)
  4 iguanas
  Jessica (D:3)
  Terence (D:3)
  Natasha (twice) (D:2)
  2 orc wizards
  3 hound skeletons
  Robin (D:3)
  7 adders
  14 gnolls
  2 shadow imps
  4 white imps
  2 ufetubi
  2 worms
  2 dart slugs (D:1)
  21 orcs
  18 endoplasms
  3 giant cockroaches
  12 goblins
  14 hobgoblins
  2 jackals (D:5)
  5 quokkas
  11 ball pythons
  3 bats
  4 frilled lizards
  10 kobolds
  6 rats
258 creatures vanquished.

Vanquished Creatures (others)
  An orc wizard (D:9)
  5 fungi (D:6)
6 creatures vanquished.

Grand Total: 264 creatures vanquished

Notes
Turn   | Place    | Note
-------+----------+-------------------------------------------
     0 | D:1      | voltaire321 the Merfolk Gladiator began the quest for the
                  | Orb.
     0 | D:1      | Reached XP level 1. HP: 16/16 MP: 1/1
     5 | D:1      | Found Ymiphipywn's Antique Armour Shoppe.
    29 | D:1      | Found a faded altar of an unknown god.
    42 | D:1      | Reached XP level 2. HP: 22/26 MP: 2/2
   210 | D:1      | Reached XP level 3. HP: 31/31 MP: 3/3
   214 | D:1      | Found Edghybrae's Jewellery Shoppe.
   257 | D:1      | Found Lisolata's Antique Armour Shoppe.
   493 | D:1      | Found Jipnam's Antique Weapon Shoppe.
  1012 | D:2      | Noticed Natasha
  1022 | D:2      | Killed Natasha
  1023 | D:2      | Reached XP level 4. HP: 34/38 MP: 4/4
  1135 | D:2      | Noticed Natasha
  1155 | D:2      | Killed Natasha
  1156 | D:2      | Reached XP level 5. HP: 10/43 MP: 5/5
  1642 | D:2      | Found an ancient bone altar of Kikubaaqudgha.
  1741 | D:3      | Noticed Robin
  1770 | D:3      | Killed Robin
  1909 | D:3      | Noticed Jessica
  1924 | D:3      | Killed Jessica
  1955 | D:3      | Found Laukhlesu's Armour Emporium.
  1970 | D:3      | Noticed Terence
  1986 | D:3      | Killed Terence
  2203 | D:3      | Reached XP level 6. HP: 30/50 MP: 6/6
  2225 | D:3      | Reached skill level 5 in Fighting
  2547 | D:3      | Found a stormy altar of Qazlal.
  2624 | D:3      | Found a runed translucent door.
  2624 | D:3      | Noticed SensoryNuts's ghost (amateur MiMo)
  2689 | D:3      | Found a blossoming altar of Fedhas.
  2858 | D:4      | Identified 3 scrolls of acquirement
  2858 | D:4      | Acquired a manual of Fighting
  2901 | D:4      | Acquired 1032 gold pieces
  2964 | D:1      | Bought a fine ring mail for 198 gold pieces
  2964 | D:1      | Identified the +3 ring mail of Esosih {Regen+ Slay+5} (You
                  | bought it in a shop on level 1 of the Dungeon)
  3001 | D:1      | Bought the ring "Zofryec" {rPois rF+ MP+9} for 529 gold
                  | pieces
  3093 | D:1      | Bought a pair of glowing gloves for 165 gold pieces
  3736 | D:4      | Reached XP level 7. HP: 48/57 MP: 7/7
  3896 | D:5      | Entered Level 5 of the Dungeon
  3994 | D:5      | Found a staircase to the Ecumenical Temple.
  4002 | Temple   | Entered the Ecumenical Temple
  4272 | D:5      | Found a basalt altar of Yredelemnul.
  4359 | D:5      | Noticed a yak
  4359 | D:5      | Noticed a yak
  4359 | D:5      | Noticed a yak
  4361 | D:5      | Noticed a yak
  4364 | D:5      | Noticed a yak
  4365 | D:5      | Noticed a yak
  4377 | D:5      | Killed a yak
  4378 | D:5      | Reached XP level 8. HP: 59/67 MP: 8/8
  4378 | D:5      | Killed a yak
  4390 | D:5      | Killed a yak
  4396 | D:5      | Killed a yak
  4408 | D:5      | Killed a yak
  4413 | D:5      | Killed a yak
  4414 | D:5      | Reached skill level 5 in Throwing
  4414 | D:5      | Reached XP level 9. HP: 56/75 MP: 9/9
  4446 | D:5      | Acquired a manual of Invocations
  4460 | D:5      | Found a transporter.
  4489 | Temple   | Became a worshipper of Makhleb the Destroyer
  4597 | D:5      | Noticed SensoryNuts's ghost (amateur DrGl)
  4630 | D:5      | Found a transporter.
  4647 | D:5      | Found a one-way gate to the infinite horrors of the Abyss.
  4670 | D:5      | Killed SensoryNuts's ghost
  4671 | D:5      | Reached skill level 1 in Invocations
  4950 | D:5      | Reached skill level 10 in Polearms
  5059 | D:6      | Noticed Pikel
  5502 | D:6      | Noticed a two-headed ogre
  5541 | D:6      | Killed a two-headed ogre
  5660 | D:6      | Reached skill level 5 in Invocations
  5696 | D:6      | Reached skill level 10 in Fighting
  5696 | D:6      | Reached skill level 10 in Dodging
  5696 | D:6      | Reached XP level 10. HP: 85/85 MP: 13/13
  5743 | D:6      | Noticed an oklob plant
  5746 | D:6      | Reached * piety under Makhleb
  5841 | D:6      | Found a shimmering altar of Xom.
  6032 | D:6      | Killed Pikel
  6121 | D:7      | Found a hazy altar of Hepliaklqana.
  6121 | D:7      | Noticed Duvessa
  6121 | D:7      | Noticed Dowan
  6131 | D:7      | Killed Duvessa
  6131 | D:7      | Reached ** piety under Makhleb
  6139 | D:7      | Killed Dowan
  6472 | D:7      | Noticed Menkaure
  6474 | D:7      | Killed Menkaure
  6498 | D:7      | Noticed a gargoyle
  6514 | D:7      | Killed a gargoyle
  6534 | D:7      | Noticed Maggie
  6547 | D:7      | Killed Maggie
  6766 | D:8      | Found a glowing silver altar of Zin.
  6943 | D:8      | Reached XP level 11. HP: 85/94 MP: 17/17
  7107 | D:8      | Reached *** piety under Makhleb
  7692 | D:9      | Learned a level 4 spell: Olgreb's Toxic Radiance
  7790 | D:9      | Found a staircase to the Orcish Mines.
  7959 | D:9      | Reached skill level 1 in Poison Magic
  8020 | D:9      | Reached skill level 1 in Spellcasting
  8038 | D:9      | Noticed a two-headed ogre
  8055 | D:9      | Killed a two-headed ogre
  8751 | D:10     | Entered Level 10 of the Dungeon
  8751 | D:10     | Noticed a manticore
  8804 | D:10     | Found a flagged portal.
  8832 | Bailey   | Entered a bailey
  8832 | Bailey   | Noticed an orc knight
  8874 | Bailey   | Killed an orc knight
  8874 | Bailey   | Reached **** piety under Makhleb
  8880 | Bailey   | Mangled by an orc warrior

Illustrated notes

Levels and vault maps discovered:
D:1:      psy_arrival_basics, layout_rooms, hellmonk_ecumenical_altar_run_dry,
          serial_shops, nicolae_lakefront_shop, shop, shop, shop
D:2:      minmay_chambers_of_twos, layout_basic, basic_altar,
          hangedman_decor_growths, uniq_natasha
D:3:      layout_rooms, mainiacjoe_overflow_brackets, general_overflow_altar,
          serial_shops, nicolae_shop_crystal, ebering_ghost_inner_flame,
          uniq_jessica, uniq_robin, uniq_terence
D:4:      layout_loops_ring, minmay_fire_ice_demons
D:5:      layout_rooms, overflow_temple_1_default,
          minmay_temple_entry_butterflies, gammafunk_ghost_abyssal_escape
D:6:      lemuel_slime, layout_layer_cave, mainiacjoe_overflow_catwalk,
          minmay_between, uniq_pikel
D:7:      layout_loops_ring, mainiacjoe_overflow_six_doors_small,
          minmay_microvault, uniq_duvessa, uniq_menkaure, uniq_maggie
D:8:      layout_loops_ring, mainiacjoe_overflow_alcove_1,
          kennysheep_decorative_pillar
D:9:      layout_gridville, orc_0_dummy, hangedman_minor_gate_pass
D:10:     layout_roguey, enter_bailey_6, uniq_maurice
Temple:   eino_temple_rhombus
Bailey:   bailey_polearm_4, bailey

Skill      XL: |  1  2  3  4  5  6  7  8  9 10 11 |
---------------+----------------------------------+-----
Fighting       | 4 5 7 8 10 11 12 | 12.5
Polearms       | 6 7 8 9 10 12 | 12.8
Armour         | 2 3 4 |  4.3
Dodging        | 6 7 8 10 11 | 11.8
Throwing       | 3 4 5 6 |  6.0
Invocations    | 5 8 9 |  9.8
Poison Magic   | 2 |  2.7
Spellcasting   | 2 |  2.0

Action                   |  1- 3 |  4- 6 |  7- 9 | 10-12 || total
-------------------------+-------+-------+-------+-------++-------
Melee: Trident           |   110 |   202 |   235 |   396 ||   943
       Tailslap          |       |     1 |       |       ||     1
       Halberd           |       |       |       |    16 ||    16
Throw: Dart              |       |       |     8 |     4 ||    12
       Throwing net      |       |       |     1 |       ||     1
Invok: Minor Destruction |       |       |       |     3 ||     3
  Use: Potion            |     1 |       |       |       ||     1
       Scroll            |       |     8 |     4 |     4 ||    16
 Stab: Sleeping          |     1 |     2 |       |       ||     3
Armor: Leather armour    |    18 |    16 |       |       ||    34
       Ring mail         |       |     9 |    59 |    62 ||   130
Dodge: Dodged            |    79 |    92 |   163 |   200 ||   534
